 Dungeon Crawl Stone Soup version 0.17-a0-1-g1f4be75 (webtiles) character file.

1145 vatarom the Changer (level 8, -1/75 HPs)
             Began as a Naga Transmuter on Mar 11, 2015.
             Slain by a centaur (7 damage)
             ... on level 6 of the Dungeon.
             The game lasted 00:14:44 (5627 turns).

vatarom the Changer (Naga Transmuter)               Turns: 5627, Time: 00:14:44

Health: -1/75      AC:  2    Str: 13    XL:     8   Next: 37%
Magic:  6/13       EV: 22    Int: 15    God:
Gold:   261        SH:  0    Dex: 17    Spells: 4 memorised, 1 level left

rFire  . . .     SeeInvis +       - Unarmed
rCold  . . .     Clarity  +     c - melded +2 robe
rNeg   . . .     SustAb   .     (shield currently unavailable)
rPois  x         Gourm    .     (helmet currently unavailable)
rElec  .         Spirit   .     g - melded +0 cloak
rCorr  .         Warding  .     j - melded +0 pair of gloves
rMut   .         Stasis   .     (no barding)
MR     +....                    (no amulet)
Stlth  ++........               (no ring)
                                (no ring)

@: lethally poisoned (-1 -> -3), short of breath, spider-form, very slightly
contaminated, somewhat resistant to hostile enchantments, unstealthy
A: spit poison, see invisible, clarity, (deformed body), (poison resistance),
robust 1, (slowness 0), wild magic 1, evolution 1, AC +2
a: Spit Poison, End Transformation


You were on level 6 of the Dungeon.
You were not hungry.
You were a venomous arachnid creature.
You visited 1 branch of the dungeon, and saw 6 of its levels.

You collected 261 gold pieces.

Inventory:

Missiles
 b - 55 arrows
 f - 15 arrows of flame
 i - 17 poisoned arrows
Armour
 c - a +2 robe (melded)
 g - a +0 cloak (melded)
 j - a +0 pair of gloves (melded)
Magical devices
 o - a wand of digging (3)
Scrolls
 a - 5 scrolls of identify
 e - a scroll of enchant armour
 h - 5 scrolls of remove curse
 p - a scroll of enchant weapon
Books
 d - a book of Changes

   Spells                             Type                      Level
   a - Beastly Appendage              Transmutation                1
   b - Sticks to Snakes               Transmutation                2
   c - Spider Form                    Transmutation/Poison         3
   d - Ice Form                       Ice/Transmutation            4
   e - Blade Hands                    Transmutation                5
Comestibles
 l - 3 fruits


   Skills:
 - Level 3.1 Fighting
 - Level 4.0 Dodging
 + Level 5.4 Unarmed Combat
 - Level 2.0 Spellcasting
 - Level 6.1 Transmutations
 + Level 2.3 Ice Magic


You had one spell level left.
You knew the following spells:

 Your Spells              Type           Power        Failure   Level  Hunger
a - Beastly Appendage     Trmt           ####..       16%         1    #......
b - Sticks to Snakes      Trmt           ####......   19%         2    ###....
c - Spider Form           Trmt/Pois      ###.......   56%         3    ###....
d - Ice Form              Ice/Trmt       ###.....     77%         4    #####..


Dungeon Overview and Level Annotations

Branches:
Dungeon (6/15)
 Temple: D:4-7

Altars:
Ashenzari
Kikubaaqudgha
Okawaru
Qazlal
Ru

Shops:
D:4 (


Innate Abilities, Weirdness & Mutations

You cannot wear boots.
You can spit poison.
((Your serpentine skin is tough (AC +2).))
You have supernaturally acute eyesight.
((Armour fits poorly on your strangely shaped body.))
((Your system is resistant to poisons.))
((You cover ground very slowly.))
You possess an exceptional clarity of mind.
You are robust (+10% HP).
Your spells are a little harder to cast, but a little more powerful.
You evolve.


Message History

You feel sick.
The centaur hits you but does no damage.
You barely miss the centaur.
The centaur is lightly wounded.
You have got your breath back.
The centaur closely misses you.
Evoke which item? (* to show all) (? for menu, Esc to quit)
Okay, then.
You hit the centaur.
The centaur looks even sicker.
The centaur is moderately wounded.
You feel sick. The centaur hits you.
* * * LOW HITPOINT WARNING * * *
The centaur misses you.
Use which ability? (? or * to list)
Press: ? - help, Shift-Dir - straight line, f - centaur
Aim: a centaur (moderately wounded, poisoned)
The splash of poison hits the centaur.
The centaur is severely wounded.
You feel slightly more hungry. The centaur hits you!
You die...

#.# #........<.. #.#
#.............. ###.#
#............... ....#
#.#########...... ....#
#.# #....... ....# #.#
#....... ....# #.#
#...P.... ###.#
#.#########c....... #.#
#.#.....((s.P......
###.###.#+######(.PP......
.................(..$.....
..#.###.........(......?..
..#.# #..................
..#+###..................
.....##.....####+##+#####
.....##......
.....####.####


You could see an active ballistomycete and a centaur.

Vanquished Creatures
  2 sky beasts
  A phantom (D:5)
  2 ogres (D:4)
  2 centaurs (D:5)
  A centaur zombie (D:5)
  2 hounds
  Crazy Yiuf (D:4)
  An iguana (D:4)
  An orc priest (D:6)
  A jelly (D:5)
  2 worker ants
  A hound zombie (D:6)
  A giant mite (D:3)
  4 adders
  3 worms
  An adder zombie (D:6)
  An adder skeleton (D:5)
  4 giant geckos
  An ooze (D:1)
  10 orcs
  2 ball pythons (D:1)
  A bat skeleton (D:6)
  A bat zombie (D:4)
  3 giant cockroaches
  5 goblins
  17 hobgoblins
  16 jackals
  10 kobolds
  2 quokkas
  8 bats
  A giant gecko zombie (D:3)
  3 giant newts
  A giant spore (D:6)
  11 rats
123 creatures vanquished.

Vanquished Creatures (collateral kills)
  A crimson imp (D:5)
  A ball python (D:1)
  A bat (D:5)
  A hobgoblin (D:1)
  3 jackals (D:5)
  A rat (D:5)
8 creatures vanquished.

Vanquished Creatures (others)
  An orc priest (D:6)
  An orc wizard (D:6)
  An orc (D:6)
  2 jackals (D:6)
  A rat (D:5)
6 creatures vanquished.

Grand Total: 137 creatures vanquished

Notes
Turn   | Place    | Note
--------------------------------------------------------------
     0 | D:1      | vatarom, the Naga Transmuter, began the quest for the Orb.
     0 | D:1      | Reached XP level 1. HP: 18/18 MP: 3/3
   201 | D:1      | Reached XP level 2. HP: 21/26 MP: 4/4
   212 | D:1      | Learned a level 2 spell: Sticks to Snakes
   418 | D:1      | Reached XP level 3. HP: 18/33 MP: 4/6
   441 | D:1      | Learned a level 3 spell: Spider Form
  1836 | D:2      | Reached XP level 4. HP: 42/42 MP: 7/7
  2381 | D:3      | Found an iron altar of Okawaru.
  2440 | D:3      | Found a shattered altar of Ashenzari.
  2603 | D:3      | Gained mutation: You occasionally shout uncontrollably at your foes. [potion of mutation]
  2603 | D:3      | Gained mutation: You evolve. [potion of mutation]
  2603 | D:3      | Gained mutation: Your spells are a little harder to cast, but a little more powerful. [potion of mutation]
  2767 | D:3      | Lost mutation: You occasionally shout uncontrollably at your foes. [evolution]
  2859 | D:3      | Reached XP level 5. HP: 43/49 MP: 9/9
  3029 | D:4      | Noticed an ogre
  3258 | D:4      | Reached XP level 6. HP: 56/56 MP: 10/10
  3352 | D:4      | Killed an ogre
  3352 | D:4      | Reached skill level 4 in Transmutations
  3467 | D:4      | Noticed an ogre
  3475 | D:4      | Killed an ogre
  3578 | D:4      | Noticed Crazy Yiuf
  3591 | D:4      | Found Griror's Weapon Boutique.
  3601 | D:4      | Killed Crazy Yiuf
  3601 | D:4      | Reached XP level 7. HP: 38/62 MP: 1/12
  3829 | D:5      | Entered Level 5 of the Dungeon
  3938 | D:5      | Learned a level 4 spell: Ice Form
  4148 | D:5      | Found an ancient bone altar of Kikubaaqudgha.
  4163 | D:5      | Reached skill level 5 in Transmutations
  4212 | D:5      | Found a stormy altar of Qazlal.
  4408 | D:5      | Gained mutation: You possess an exceptional clarity of mind. [evolution]
  4612 | D:5      | Found a sacrificial altar of Ru.
  4708 | D:5      | Reached skill level 6 in Transmutations
  4708 | D:5      | Reached XP level 8. HP: 38/69 MP: 11/13
  5116 | D:6      | Reached skill level 1 in Ice Magic
  5172 | D:6      | Reached skill level 5 in Unarmed Combat
  5589 | D:6      | Gained mutation: You are robust (+10% HP). [mutagenic meat]
  5627 | D:6      | Slain by a centaur

Action                   |  1- 3 |  4- 6 |  7- 9 || total
-------------------------+-------+-------+-------++-------
Melee: Unarmed           |    95 |   169 |   210 ||   474
 Cast: Beastly Appendage |     9 |     1 |     7 ||    17
       Sticks to Snakes  |     2 |     1 |     3 ||     6
       Spider Form       |     1 |     7 |     7 ||    15
 Abil: Spit Poison       |    31 |    25 |    12 ||    68
  Use: Scroll            |     4 |     7 |     4 ||    15
       Potion            |     1 |     4 |     2 ||     7
 Stab: Sleeping          |       |       |     1 ||     1
  Eat: Chunk             |     2 |     3 |     5 ||    10
       Bread ration      |     1 |     1 |       ||     2
       Meat ration       |       |       |     1 ||     1
       Fruit             |       |       |     2 ||     2
       Beef jerky        |       |       |     1 ||     1
